 Dungeon Crawl Stone Soup version 0.31-a0-263-ge8cad7f256 (webtiles) character file.

Game seed: 1489295743894729796

2 qw the Vexing (level 1, 0/12 HPs)
             Began as a Gargoyle Hexslinger on July 13, 2023.
             Slain by a kobold
             ... wielding a +0 whip
              (1 damage)
             ... on level 1 of the Dungeon.
             The game lasted 00:00:03 (105 turns).

qw the Vexing (Gargoyle Hexslinger)                  Turns: 105, Time: 00:00:04

Health: 0/12       AC:  4    Str: 11    XL:     1   Next: 30%
Magic:  2/2        EV: 12    Int: 13    God:
Gold:   20         SH:  0    Dex: 12    Spells: 1/2 levels left

rFire   . . .        a - +1 sling
rCold   . . .        (no shield)
rNeg    + . .        c - +0 robe
rPois   inf          (no helmet)
rElec   +            (no cloak)
rCorr   .            (no gloves)
SInv    .            (no boots)
Will    .....        (no amulet)
Stlth   +            (no ring)
HPRegen 0.22/turn    (no ring)
MPRegen 0.08/turn

%: no passive effects
@: no status effects
A: sickness immunity, AC +2, negative energy resistance 1, electricity
resistance, torment resistance 1, petrification resistance
a: no special abilities


You were on level 1 of the Dungeon.
You visited 1 branch of the dungeon, and saw 1 of its levels.

You collected 20 gold pieces.


Innate Abilities, Weirdness & Mutations

You are immune to sickness and miasma.
Your stone body is resilient. (AC +2)
You are immune to poison.
You resist negative energy. (rN+)
You are resistant to electric shocks. (rElec)
You are resistant to unholy torment.
You are immune to petrification.


   Skills:
 - Level 1.1 Fighting
 + Level 2.2 Ranged Weapons
 - Level 1.5 Dodging
 - Level 1.0 Spellcasting
 - Level 2.6 Hexes


You had one spell level left.
You knew the following spells:

 Your Spells              Type           Power      Damage    Failure   Level
a - Slow                  Hex            28%        N/A       10%         1

Your spell library contained the following spells:

 Spells                   Type           Power      Damage    Failure   Level
 Inner Flame              Hex/Fire       4%         N/A       43%         3
 Portal Projectile        Hex/Tloc       8%         N/A       43%         3
 Cause Fear               Hex            3%         N/A       67%         4

Inventory:

Hand Weapons
 a - a +1 sling (weapon)
Armour
 c - a +0 robe (worn)
Scrolls
 b - a scroll of poison

Dungeon Overview and Level Annotations

Branches:
Dungeon (1/15)

Altars:


Message History

An endoplasm comes into view.
You shoot a sling bullet. The sling bullet hits the kobold.
The kobold is severely wounded.
The kobold hits you but does no damage. The kobold misses you.
You shoot a sling bullet.
The sling bullet closely misses the kobold.
The kobold hits you with a +0 whip.
The hobgoblin hits you but does no damage.
You shoot a sling bullet.
The sling bullet barely misses the kobold.
The kobold barely misses you. The hobgoblin closely misses you.
You shoot a sling bullet.
The sling bullet barely misses the kobold.
The kobold barely misses you. The hobgoblin hits you.
The kobold barely misses you.
The hobgoblin hits you but does no damage.
The giant cockroach barely misses you.
You shoot a sling bullet.
The sling bullet closely misses the kobold.
The giant cockroach barely misses you. The kobold hits you but does no damage.
The hobgoblin misses you.
You shoot a sling bullet.
The sling bullet closely misses the kobold.
The giant cockroach waves its antennae.
The giant cockroach bites you but does no damage.
The kobold hits you with a +0 whip. The hobgoblin closely misses you.
The giant cockroach bites you but does no damage.
You shoot a sling bullet.
The sling bullet hits the kobold but does no damage.
The kobold is heavily wounded.
The kobold hits you with a +0 whip.
The hobgoblin hits you but does no damage.
The giant cockroach closely misses you. The kobold closely misses you.
The hobgoblin hits you but does no damage.
You shoot a sling bullet. The sling bullet hits the kobold.
The kobold is severely wounded.
The giant cockroach bites you but does no damage.
The hobgoblin hits you but does no damage.
The kobold hits you with a +0 whip.
You die...

.¤# .¤# ..... ...#..
.¤# .... ..... .~# .#
... .... .~# #. #.. ...
.~# ... #. #.) .! # .8#
.#.# #...#..#.###.$#
####.#.#...(...Bg...[.#
.....#.#..# ..#@K#
#).###.##.# #.#.##
...###.##.# #.#.#
#....#.##.# #[#.#
.......##.# #.#.#
#......##.####.#.#
##.###.##...##.#.# #.#
#....#......# #.#
#.##...######


You could see a giant cockroach, a hobgoblin and a kobold.

Vanquished Creatures
  A goblin (D:1)
  A rat (D:1)
2 creatures vanquished.

Notes
Turn   | Place    | Note
-------+----------+-------------------------------------------
     0 | D:1      | qw the Gargoyle Hexslinger began the quest for the Orb.
     0 | D:1      | Reached XP level 1. HP: 12/12 MP: 2/2
     0 | D:1      | 0 ||| qw: Version: 0.3-a-52-g30416fa
     0 | D:1      | 0 ||| qw: Game counter: 7254
     0 | D:1      | 0 ||| qw: Melee chars always use a shield: true
     0 | D:1      | 0 ||| qw: God list: Okawaru
     0 | D:1      | 0 ||| qw: Allow faded altars: false
     0 | D:1      | 0 ||| qw: Do Orc after clearing Dungeon:15 true
     0 | D:1      | 0 ||| qw: Do second Lair branch before Depths: true
     0 | D:1      | 0 ||| qw: Lair rune preference: random
     0 | D:1      | 0 ||| qw: Goals: Normal
     0 | D:1      | 0 ||| PLANNING D:1-11
    24 | D:1      | HP: 3/12 [goblin/+1 dagger of venom (4)]
   103 | D:1      | HP: 3/12 [kobold/+0 whip (3)]
   104 | D:1      | HP: 1/12 [kobold/+0 whip (2)]
   105 | D:1      | Slain by a kobold

Levels and vault maps discovered:
D:1:      lightli_arrival_noodles, layout_loops_ring, serial_forest,
          infiniplex_forest_diagonal, infiniplex_forest_clump_diagonal,
          infiniplex_forest_lined_4_way, infiniplex_forest_end_2,
          infiniplex_forest_lined_4_way, hellmonk_ecumenical_altar_lost_god,
          st_stairs_13

Action                     || total
---------------------------++-------
   Fire: Sling             ||    21
 Armour: Robe              ||    12
  Dodge: Dodged            ||    17

Table legend:
 A = Non-vault XP
 B = Vault XP
 C = Vault XP percentage of total XP
 D = Non-vault monster count
 E = Vault monster count
 F = Vault count percentage of total count
                 A         B        C        D         E       F
            +---------+---------+-------+---------+---------+-------
      Total |       3 |       0 |   0.0 |       2 |       0 |   0.0
            +---------+---------+-------+---------+---------+-------
        D:1 |       3 |       0 |   0.0 |       2 |       0 |   0.0
            +---------+---------+-------+---------+---------+-------
